 Dungeon Crawl Stone Soup version 0.29-a0-284-gf9362112df (webtiles) character file.

Game seed: 4960881079063379426

100 Zonian the Chiller (level 4, -2/30 HPs)
             Began as a Demonspawn Ice Elementalist on Mar 19, 2022.
             Slain by a gnoll shaman
             ... wielding a +0 club
              (6 damage)
             ... on level 4 of the Dungeon.
             The game lasted 00:04:58 (2105 turns).

Zonian the Chiller (Demonspawn Ice Elementalist)    Turns: 2105, Time: 00:04:58

Health: -2/30      AC:  4    Str:  8    XL:     4   Next: 47%
Magic:  8/8        EV: 12    Int: 19    God:
Gold:   77         SH:  0    Dex: 13    Spells: 8/9 levels left

rFire   . . .      SeeInvis .   d - +2 dagger (venom)
rCold   . . .      Faith    .   (no shield)
rNeg    . . .      Spirit   .   a - +0 robe
rPois   .          Reflect  .   (helmet restricted)
rElec   .          Harm     .   (no cloak)
rCorr   .          Rampage  .   (no gloves)
Will    .....                   i - +1 pair of boots
Stlth   ++........              (no amulet)
HPRegen 0.10/turn               (no ring)
MPRegen 0.11/turn               (no ring)

@: no status effects
A: antennae 1, ignite blood 1
a: no special abilities


You were on level 4 of the Dungeon.
You visited 1 branch of the dungeon, and saw 3 of its levels.

You collected 77 gold pieces.

Inventory:

Hand Weapons
 c - a +0 trident of protection
 d - a +2 dagger of venom (weapon)
 f - the +6 arbalest "Damnation" {damnation}
   (You found it on level 4 of the Dungeon)

   Any ammunition fired from it explodes in a burst of damnation on striking a
   foe, dealing damage which bypasses armour.
Armour
 a - a +0 robe (worn)
 i - a +1 pair of boots (worn)
Potions
 e - a potion of ambrosia {unknown}


   Skills:
 - Level 2.0 Dodging
 - Level 2.0 Stealth
 + Level 3.3 Spellcasting
 + Level 4.4 Ice Magic


You had 8 spell levels left.
You knew the following spells:

 Your Spells              Type           Power      Damage    Failure   Level
a - Freeze                Ice            80%        1d9       2%          1

Your spell library contained the following spells:

 Spells                   Type           Power      Damage    Failure   Level
 Frozen Ramparts          Ice            40%        1d6       7%          3
 Ozocubu's Armour         Ice            20%        N/A       7%          3
 Static Discharge         Conj/Air       3%         N/A       22%         2
 Hailstorm                Conj/Ice       11%        3d5       52%         4
 Dispel Undead            Necr           3%         3d7       83%         4
 Sticky Flame             Conj/Fire      3%         2d3       83%         4


Dungeon Overview and Level Annotations

Branches:
Dungeon (2/15)

Altars:
Wu Jian
Zin

Portals:
Sewer: D:4


Innate Abilities, Weirdness & Mutations

You have a pair of small antennae on your head.
Your demonic aura sometimes causes spilled blood to erupt in flames.


Message History

You freeze the gnoll shaman!
The gnoll shaman is heavily wounded.
The gnoll hits you from afar with a +0 spear.
* * * LOW HITPOINT WARNING * * *
The gnoll shaman barely misses you.
Unknown command.
Casting: Freeze (safe; 2% risk of failure)
Confirm with . or Enter, or press ? or * to list all spells.
Aiming: Freeze (safe; 2% risk of failure)
Press: ? - help, Shift-Dir - straight line, f/p - gnoll shaman
Aim: a gnoll shaman, wielding a +0 club and wearing a +0 leather armour (heavily wounded)
You freeze the gnoll shaman.
The gnoll shaman is heavily wounded.
The gnoll barely misses you. The gnoll shaman closely misses you.
You closely miss the gnoll shaman.
The gnoll shaman is heavily wounded.
The gnoll barely misses you.
Unknown command.
The gnoll shaman completely misses you.
There is an open door here.
Unknown command.
The gnoll shaman attacks as you move away!
The gnoll shaman closely misses you.
Unknown command.
You hit the gnoll shaman.
The gnoll shaman is poisoned.
The gnoll shaman is heavily wounded.
The gnoll shaman hits you with a +0 club.
* * * LOW HITPOINT WARNING * * *
Unknown command.
Casting: Freeze (safe; 2% risk of failure)
Confirm with . or Enter, or press ? or * to list all spells.
Aiming: Freeze (safe; 2% risk of failure)
Press: ? - help, Shift-Dir - straight line, f/p - gnoll shaman
Aim: a gnoll shaman, wielding a +0 club and wearing a +0 leather armour (heavily wounded, very poisoned)
You freeze the gnoll shaman.
The gnoll shaman is severely wounded.
The gnoll closely misses you. Magic courses through your body.
The gnoll misses you.
The gnoll shaman hits you with a +0 club.
You die...

...........##.........
............#.##......
......................
......................
.................♣♣♣♣+ ♣♣
.................'.. ..
.............(...♣.# .#
..(..............♣.# _.#
.##+##..........@♣.#...#.♣
.#≈≈≈#..........gggg.....+
.#≈≈≈#...#.....##♣♣♣♣'♣♣♣♣
.#≈∩S#...#.##..#{ ..
.#≈SB#..#.....## .#
.#≈SB#..###..## ..
.#####...#...# .
............##
..##....#...#


You could see a gnoll shaman (very poisoned) and 3 gnolls.

Vanquished Creatures
  A hound (D:4)
  3 gnolls
  An adder (D:4)
  A dart slug (D:4)
  4 ball pythons
  2 bats
  3 endoplasms
  A giant cockroach (D:2)
  3 goblins (D:1)
  4 hobgoblins
  A quokka (D:2)
  A frilled lizard (D:1)
  2 kobolds
  5 rats
32 creatures vanquished.

Notes
Turn   | Place    | Note
-------+----------+-------------------------------------------
     0 | D:1      | Zonian the Demonspawn Ice Elementalist began the quest for
                  | the Orb.
     0 | D:1      | Reached XP level 1. HP: 13/13 MP: 3/3
   139 | D:1      | Gained mutation: You have a pair of small antennae on your
                  | head. [demonic ancestry]
   139 | D:1      | Reached XP level 2. HP: 6/19 MP: 0/5
  1481 | D:2      | Reached skill level 4 in Ice Magic
  1481 | D:2      | Reached XP level 3. HP: 18/24 MP: 5/7
  1882 | D:2      | Found an ornate altar of the Wu Jian Council.
  1889 | D:2      | You fall into a shaft and drop 2 floors!
  1889 | D:4      | Found a glowing drain.
  1958 | D:4      | Gained mutation: Your demonic aura sometimes causes spilled
                  | blood to erupt in flames. [demonic ancestry]
  1958 | D:4      | Reached XP level 4. HP: 24/30 MP: 6/8
  2043 | D:4      | Found the +6 arbalest "Damnation" {damnation}
  2105 | D:4      | Slain by a gnoll shaman

Illustrated notes

Levels and vault maps discovered:
D:1:      minmay_arrival_wavy_path, layout_rooms, ebering_dispersal_statue_hall,
          minmay_misc_feat_pillars
D:2:      layout_loops_ring, basic_altar, patterned_corridor
D:4:      layout_cave_pools, mainiacjoe_overflow_six_doors_small,
          gup_sewer_entry_glass, grunt_ministairs_15, corexii_checkpoint_b

Skill      XL: |  1  2  3 |
---------------+----------+-----
Dodging        | 2 |  2.0
Stealth        | 2 |  2.0
Ice Magic      | 4 |  4.4
Spellcasting   | 3 |  3.3

Action                   |  1- 3 |  4- 6 || total
-------------------------+-------+-------++-------
Melee: Trident           |    12 |       ||    12
       Dagger            |    46 |    15 ||    61
 Cast: Freeze            |    12 |     7 ||    19
  Use: Scroll            |     4 |       ||     4
       Potion            |       |     1 ||     1
 Stab: Sleeping          |     5 |       ||     5
Armor: Robe              |     6 |     5 ||    11
Dodge: Dodged            |    46 |    19 ||    65

Table legend: (Time is in decaauts)
 A = Elapsed time spent in this place.
 B = Non-inter-level travel time spent in this place.
 C = Inter-level travel time spent in this place.
 D = Time resting spent in this place.
 E = Time spent auto-exploring this place.
 F = Levels seen in this place.
 G = Mean time per level.
                   A        B        C        D        E       F      G
               +--------+--------+--------+--------+--------+-----+--------+
         Total |   2107 |   2088 |     19 |   1016 |    589 |   3 |  702.3 |
       Dungeon |   2107 |   2088 |     19 |   1016 |    589 |   3 |  702.3 |
               +--------+--------+--------+--------+--------+-----+--------+

Top non-repeatable levels by time:
     D:1: 956 daAuts
     D:2: 934 daAuts
     D:4: 215 daAuts
